 Dungeon Crawl Stone Soup version 0.30-a0-118-ga018f8e90f (webtiles) character file.

Game seed: 13197265156600513711

934 writerjack the Cleaver (level 7, -10/59 HPs)
             Began as a Minotaur Berserker on Sept 13, 2022.
             Was a Priest of Trog.
             Mangled by an orc
             ... wielding a +1 whip of electrocution
              (17 damage)
             ... on level 5 of the Dungeon.
             The game lasted 00:07:55 (5025 turns).

writerjack the Cleaver (Minotaur Berserker)         Turns: 5025, Time: 00:07:55

Health: -10/59     AC:  9    Str: 23    XL:     7   Next: 86%
Magic:  6/6        EV:  8    Int:  4    God:    Trog [***...]
Gold:   251        SH:  0    Dex: 10    Spells: 6/6 levels left

rFire   . . .      SeeInvis .    a - +0 hand axe
rCold   . . .      Faith    .    (no shield)
rNeg    . . .      Spirit   .    u - +0 chain mail
rPois   .          Reflect  .    (helmet restricted)
rElec   .          Harm     .    (no cloak)
rCorr   .          Rampage  .    (no gloves)
Will    .....                    (no boots)
Stlth   ..........               (no amulet)
HPRegen 0.19/turn                (no ring)
MPRegen 0.10/turn                (no ring)

@: marked, slowed, very slow
A: horns 2, retaliatory headbutt
a: Renounce Religion, Berserk, Trog's Hand


You were on level 5 of the Dungeon.
You worshipped Trog.
Trog was most pleased with you.
You visited 1 branch of the dungeon, and saw 5 of its levels.

You collected 251 gold pieces.

Inventory:

Hand Weapons
 a - a +0 hand axe (weapon)
 l - a +0 flail
 w - a +0 dagger
Missiles
 p - 8 poisoned darts (quivered)
Armour
 b - a +0 animal skin
 u - a +0 chain mail (worn)
Wands
 s - a wand of charming (2)
Scrolls
 c - 2 scrolls of fog {unknown}
 d - a scroll of torment {unknown}
 e - 6 scrolls of identify {unknown}
 g - 2 scrolls of noise {unknown}
 h - 4 scrolls of immolation
 j - a scroll of fear {unknown}
 k - 4 scrolls of teleportation {unknown}
 q - 4 scrolls of vulnerability {unknown}
Potions
 f - a potion of brilliance {unknown}
 i - a potion of curing {unknown}
 m - 3 potions of heal wounds {unknown}
 n - a potion of might {unknown}
 o - a potion of mutation {unknown}
 r - a potion of lignification {unknown}
 t - 2 potions of attraction {unknown}
 v - a potion of ambrosia {unknown}


   Skills:
 - Level 4.0 Fighting
 * Level 10.9 Axes
 - Level 3.0 Armour
 - Level 2.7 Dodging


You had 6 spell levels left.
You didn't know any spells.
Your spell library was empty.

Dungeon Overview and Level Annotations

Branches:
Dungeon (5/15)
 Temple: D:4-7

Altars:
Sif Muna

Shops:
D:4 [

Annotations:
D:3 1 runed translucent door, NinjaNoafa's ghost, weakling HOMo


Innate Abilities, Weirdness & Mutations

You have a pair of horns on your head.
You reflexively headbutt those who attack you in melee.


Message History

You hit the wraith but do no damage.
You headbutt the wraith, but do no damage.
The wraith is almost destroyed.
The orc hits you but does no damage. The wraith hits you.
The wraith drains your vigour!
You feel yourself slow down.
You hit the wraith but do no damage.
You headbutt the wraith, but do no damage.
The wraith is almost destroyed.
The orc hits you but does no damage. The wraith hits you.
You completely miss the wraith.
The wraith is almost destroyed.
The orc hits you from afar with a +0 trident.
The wraith hits you! The wraith drains your vigour!
You feel as though you will be slow longer.
The orc pulls the alarm!
The alarm trap emits a blaring wail!
A sentinel's mark forms upon you.
You hear a shout! x4; You hear a bark! x3; You hear an angry hiss. x2
You hear a shout!
You slash the orc!
You kill the orc!
Trog accepts your kill.
You hit the wraith but do no damage. You closely miss the orc.
The orc barely misses you. The wraith hits you. The wraith drains your vigour!
You feel as though you will be slow longer.
The orc closely misses you.
Found a scroll labelled XYCSIW QOCUA.
The wraith hits you but does no damage.
The orc hits you from afar with a +0 trident.
* * * LOW HITPOINT WARNING * * *
The orc completely misses you. The wraith hits you but does no damage.
The orc hits you from afar with a +0 trident.
* * * LOW HITPOINT WARNING * * *
The orc hits you from afar with a +0 trident.
* * * LOW HITPOINT WARNING * * *
An orc comes into view. It is wielding a +0 whip.
The orc closely misses you.
You see here a +0 short sword.
The orc barely misses you. The wraith closely misses you.
The orc hits you but does no damage.
You are electrocuted!
You die...

... o. ..#
#.# #.. #
#... #.#.#
#... #.#.#
##...##.#.#
......)...#
......W@..#
><....o)..#
.....oo.....#
...........##
..........##
..........#
..........#
?....<)...#
..?........


You could see a wraith and 4 orcs.

Vanquished Creatures
  Pikel (D:4)
  A lemure (D:3)
  A scorpion (D:4)
  2 hounds
  3 iguanas (D:4)
  Ijyb (D:3)
  Robin (D:3)
  8 gnolls
  3 adders
  A shadow imp (D:5)
  An ufetubus (D:4)
  A worm (D:3)
  3 dart slugs (D:1)
  7 orcs
  2 endoplasms (D:1)
  5 giant cockroaches
  18 goblins
  9 hobgoblins
  4 jackals (D:1)
  4 quokkas
  8 ball pythons
  9 bats
  3 frilled lizards
  5 kobolds
  7 rats
108 creatures vanquished.

Notes
Turn   | Place    | Note
-------+----------+-------------------------------------------
     0 | D:1      | writerjack the Minotaur Berserker began the quest for the
                  | Orb.
     0 | D:1      | Reached XP level 1. HP: 19/19 MP: 0/0
   145 | D:1      | Reached XP level 2. HP: 25/27 MP: 1/1
   438 | D:1      | Reached skill level 4 in Axes
   630 | D:1      | Reached XP level 3. HP: 33/33 MP: 2/2
   711 | D:1      | Found a faded altar of an unknown god.
   847 | D:1      | Reached ** piety under Trog
  1603 | D:2      | Reached skill level 5 in Axes
  2097 | D:2      | Reached XP level 4. HP: 40/40 MP: 3/3
  2314 | D:3      | Found a runed translucent door.
  2316 | D:3      | Noticed NinjaNoafa's ghost (weakling HOMo)
  2361 | D:3      | Noticed Ijyb
  2374 | D:3      | Killed Ijyb
  2647 | D:3      | Reached skill level 6 in Axes
  2729 | D:3      | Noticed Robin
  2750 | D:3      | Reached XP level 5. HP: 46/46 MP: 4/4
  2752 | D:3      | Killed Robin
  3596 | D:4      | Noticed Pikel
  3596 | D:4      | Noticed a lemure
  3596 | D:4      | Noticed a lemure
  3596 | D:4      | Noticed a lemure
  3603 | D:3      | Killed a lemure
  3616 | D:4      | Noticed a lemure
  3626 | D:4      | Killed Pikel
  3627 | D:4      | Reached skill level 9 in Axes
  3627 | D:4      | Reached XP level 6. HP: 30/52 MP: 5/5
  3627 | D:4      | Reached XP level 7. HP: 34/59 MP: 6/6
  3833 | D:5      | Entered Level 5 of the Dungeon
  3833 | D:5      | Noticed a wraith
  3905 | D:4      | Reached *** piety under Trog
  4015 | D:4      | Reached skill level 10 in Axes
  4652 | D:4      | Found a shimmering blue altar of Sif Muna.
  4752 | D:4      | Found Wepah's Armour Emporium.
  5025 | D:5      | Mangled by an orc

Illustrated notes

Levels and vault maps discovered:
D:1:      elethiomel_arrival_diamonds, layout_basic,
          hellmonk_ecumenical_altar_blasted, roderic_serpentine_path
D:2:      layout_loops_cross, minmay_tall_x
D:3:      layout_basic, ebering_ghost_inner_flame, uniq_ijyb, uniq_robin
D:4:      layout_loops_ring, serial_shops, shop, minmay_ruined_shrine,
          uniq_pikel
D:5:      layout_rooms, uniq_edmund

Skill      XL: |  1  2  3  4  5  6  7 |
---------------+----------------------+-----
Fighting       | 4 |  4.0
Axes           | 4 5 6 9 10 | 10.9
Armour         | 3 |  3.0
Dodging        | |  2.7

Action                   |  1- 3 |  4- 6 |  7- 9 || total
-------------------------+-------+-------+-------++-------
Melee: Hand axe          |    79 |    78 |    77 ||   234
       Headbutt          |     9 |    10 |    15 ||    34
Invok: Berserk           |       |     2 |       ||     2
       Trog's Hand       |       |       |     1 ||     1
 Stab: Sleeping          |     1 |       |       ||     1
Armor: Animal skin       |    12 |    11 |       ||    23
       Chain mail        |       |    28 |    74 ||   102
Dodge: Dodged            |    61 |    48 |    46 ||   155

Table legend: (Time is in decaauts)
 A = Elapsed time spent in this place.
 B = Non-inter-level travel time spent in this place.
 C = Inter-level travel time spent in this place.
 D = Time resting spent in this place.
 E = Time spent auto-exploring this place.
 F = Levels seen in this place.
 G = Mean time per level.
                   A        B        C        D        E       F      G
               +--------+--------+--------+--------+--------+-----+--------+
         Total |   5051 |   4933 |    118 |    939 |   3002 |   5 | 1010.2 |
       Dungeon |   5051 |   4933 |    118 |    939 |   3002 |   5 | 1010.2 |
               +--------+--------+--------+--------+--------+-----+--------+

Top non-repeatable levels by time:
     D:3: 1949 daAuts
     D:1: 1386 daAuts
     D:4: 888 daAuts
     D:2: 809 daAuts
     D:5: 17 daAuts
